 Dungeon Crawl Stone Soup version 0.22.1-2-g9c5b331383 (webtiles) character file.

11375 Elric the Cleaver (level 11, 0/97 HPs)
             Began as a Demonspawn Fighter on Dec 21, 2018.
             Was a Believer of Nemelex Xobeh.
             Killed from afar by a twister (18 damage)
             ... with a tornado
             ... summoned by a card of wild magic
             ... on level 11 of the Dungeon.
             The game lasted 00:24:16 (11522 turns).

Elric the Cleaver (Demonspawn Fighter)             Turns: 11522, Time: 00:24:17

Health: 0/97       AC: 13    Str: 19 (20) XL:     11   Next: 48%
Magic:  16/16      EV:  2    Int:  9      God:    Nemelex Xobeh [**....]
Gold:   331        SH: 23    Dex: 13      Spells: 10/10 levels left

rFire    . . .     SeeInvis .   a - +0 war axe
rCold    . . .     Gourm    .   i - +6 large shield
rNeg     . . .     Faith    .   j - +0 plate armour
rPois    .         Spirit   .   (helmet restricted)
rElec    .         Reflect  +   (no cloak)
rCorr    .         Harm     .   k - +0 pair of gloves
MR       +....                  (no boots)
Stlth    ..........             H - +2 amulet of reflection
HPRegen  0.26/turn              c - ring of protection from magic
MPRegen  0.15/turn              (no ring)

@: lethally poisoned (0 -> -1), flying (expiring)
A: antennae 2, claws 2, talons 2, deterioration 1, robust 1, rot immunity
a: Renounce Religion


You were on level 11 of the Dungeon.
You worshipped Nemelex Xobeh.
Nemelex Xobeh was pleased with you.
You were hungry.

You visited 2 branches of the dungeon, and saw 12 of its levels.

You collected 569 gold pieces.
You spent 238 gold pieces at shops.

Inventory:

Hand Weapons
 a - a +0 war axe (weapon)
 D - a +0 battleaxe
Armour
 i - a +6 large shield (worn)
 j - a +0 plate armour (worn)
 k - a +0 pair of gloves (worn)
Jewellery
 c - a ring of protection from magic (left hand)
 C - an uncursed ring of fire
 H - a +2 amulet of reflection (around neck)
 K - an uncursed amulet of regeneration {unknown}
Wands
 w - a wand of enslavement (16)
 A - a wand of digging (12)
 E - a wand of paralysis (31)
 G - a wand of polymorph (6)
Scrolls
 e - a scroll of enchant weapon {unknown}
 h - a scroll of random uselessness {unknown}
 q - a scroll of silence {unknown}
 r - 4 scrolls of remove curse
 s - 2 scrolls of fog {unknown}
 u - 2 scrolls of amnesia {unknown}
 x - 2 scrolls of identify
 y - 2 scrolls of immolation {unknown}
 z - 3 scrolls of noise {unknown}
 B - 3 scrolls of teleportation {unknown}
Potions
 b - a potion of lignification {unknown}
 d - 3 potions of might
 l - a potion of brilliance
 m - a potion of invisibility {unknown}
 n - a potion of curing
 o - a potion of agility
 p - 2 potions of mutation
 t - 5 potions of flight {unknown}
 v - a potion of berserk rage {unknown}
 L - a potion of resistance {unknown}
Miscellaneous
 g - a lightning rod (3/4)
 F - a plain deck of destruction {drawn: 4}
 J - an ornate deck of destruction {drawn: 2}
Comestibles
 f - 23 rations


   Skills:
 + Level 9.1 Fighting
 * Level 11.1 Axes
 - Level 5.0 Armour
 + Level 6.8 Shields
 + Level 7.7 Invocations
 + Level 3.9 Evocations


You had 10 spell levels left.
You didn't know any spells.
Your spell library contained the following spells:

 Spells                   Type           Power        Failure   Level  Hunger
 Confusing Touch          Hex            #.....       100%        1    ##.....
 Shock                    Conj/Air       #...         100%        1    ##.....
 Swiftness                Chrm/Air       #.......     100%        2    ###....
 Confuse                  Hex            #.......     100%        3    ####...
 Gell's Gravitas          Tloc           #.........   100%        3    ####...
 Static Discharge         Conj/Air       #.......     100%        3    ####...
 Airstrike                Air            #.........   100%        4    #####..
 Petrify                  Tmut/Erth      #.......     100%        4    #####..
 Lightning Bolt           Conj/Air       #.........   100%        5    ######.
 Metabolic Englaciation   Hex/Ice        #.........   100%        5    ######.
 Yara's Violent Unravell  Hex/Tmut       #.........   100%        5    ######.


Dungeon Overview and Level Annotations

Branches:
Dungeon (11/15)            Temple (1/1) D:7             Orc (0/2) D:10
   Lair: D:8-11

Altars:
Ashenzari
Cheibriados
Dithmenos
Elyvilon
Fedhas
Gozag
Hepliaklqana
Kikubaaqudgha
Makhleb
Nemelex Xobeh
Okawaru
Qazlal
Ru
Sif Muna
Trog
Uskayaw
Vehumet
Wu Jian
Xom
Yredelemnul
Zin
The Shining One
Beogh

Shops:
D:5 !

Annotations:
D:4 3 runed doors, EvilAshe's ghost, amateur DsIE
D:6 1 runed door
D:7 1 transporter
D:11 Erica


Innate Abilities, Weirdness & Mutations

You have a pair of antennae on your head.
You have very sharp fingernails.
You have razor-sharp toenails.
You are immune to rotting.
Your body sometimes deteriorates upon taking damage.
You are robust. (+10% HP)


Message History

* * * LOW HITPOINT WARNING * * *
Something burns you.
* * * LOW HITPOINT WARNING * * *
You hit something. Your kick misses something.
You feel sick.
You hear some strange, mumbled words.
An orb of energy appears from out of thin air!
The orb of energy reflects off an invisible shield around you!
That item cannot be evoked!
Evoke which item? (* to show all) (? for menu, Esc to quit)
You draw a card...
It is Wild Magic.
The vortex of raging winds lifts you up.
You fly up into the air.
A huge vortex of air appears!
You feel a surge of magic.
You are engulfed in raging winds.
You feel sick.
Something hits your twister but does no damage.
You slash something! You claw something.
You are engulfed in raging winds.
You float gracefully downwards.
The vortex of raging winds lifts you up.
You fly up into the air.
You die...
Your body disappears without a glow.

'##......##.....#
.........##.....# ...
.........##..##)# ...[
.......).##.).#.#####....
.........##.#)#).........
#....)..)).#.).........
#.......§§.##.......#######
#......§§§§##.............#
#........v@##...).........#
#......§§§{##.............#
#.....(§...##..###....###..
#....<.....##..###....###..
#................+......'..
###....#######>###....###..
#....####......##....####
... #.....#.#.##.#..#
#.....#.#.##.#.[###


You could see a friendly twister.

Vanquished Creatures
  2 two-headed ogres
  A swamp dragon (D:8)
  Psyche (D:8)
  2 gargoyles
  Grinder (D:6)
  A hippogriff (D:8)
  A wraith (D:10)
  12 yaks
  3 wyverns
  Grum (D:9)
  A hungry ghost (D:11)
  A steam dragon (D:11)
  2 soldier ants (D:8)
  A water moccasin (D:8)
  A porcupine (D:8)
  3 sky beasts
  5 ice beasts
  A black bear (D:6)
  2 orc warriors (D:9)
  4 ogres
  3 wolves (D:9)
  2 necrophages
  A tengu (D:8)
  4 centaurs
  Blork the orc (D:6)
  7 bullfrogs
  8 killer bees
  A scorpion (D:6)
  3 wights (D:11)
  A howler monkey (D:5)
  3 jellies
  A centaur zombie (D:7)
  6 crimson imps
  A quasit (D:10)
  6 hounds
  A centaur skeleton (D:6)
  5 orc priests
  A bullfrog zombie (D:5)
  3 orc wizards
  3 bullfrog skeletons
  2 iguanas
  13 worker ants
  2 hound zombies
  A hound skeleton (D:7)
  A worker ant zombie (D:9)
  4 gnolls
  A howler monkey skeleton (D:7)
  8 adders
  A shadow imp (D:8)
  An ooze (D:1)
  An adder skeleton (D:9)
  A worm (D:2)
  A dart slug (D:5)
  6 leopard geckos
  32 orcs
  4 bats
  7 giant cockroaches
  8 goblins
  3 hobgoblins
  3 jackals (D:7)
  6 kobolds
  3 quokkas (D:3)
  2 ball pythons (D:3)
  2 frilled lizards
  A jackal zombie (D:7)
  A quokka skeleton (D:5)
  4 rats
226 creatures vanquished.

Vanquished Creatures (collateral kills)
  2 yaks (D:11)
  An orc warrior (D:7)
  A centaur (D:11)
  A scorpion (D:11)
  3 wights (D:11)
  A quasit (D:7)
9 creatures vanquished.

Vanquished Creatures (others)
  An orc warrior (D:10)
  An ogre (D:10)
  A worker ant (D:8)
  A hound zombie (D:8)
  An orc (D:8)
5 creatures vanquished.

Grand Total: 240 creatures vanquished

Notes
Turn   | Place    | Note
-------+----------+-------------------------------------------
     0 | D:1      | Elric the Demonspawn Fighter began the quest for the Orb.
     0 | D:1      | Reached XP level 1. HP: 18/18 MP: 1/1
    66 | D:1      | Reached skill level 2 in Axes
    66 | D:1      | Gained mutation: You have sharp toenails. [demonic
                  | ancestry]
    66 | D:1      | Reached XP level 2. HP: 17/24 MP: 2/2
   495 | D:1      | You fall through a shaft!
   711 | D:2      | Gained mutation: You are immune to rotting. [demonic
                  | ancestry]
   711 | D:2      | Reached XP level 3. HP: 26/29 MP: 3/3
  1541 | D:3      | Noticed a centaur
  1549 | D:3      | Killed a centaur
  1549 | D:3      | Reached skill level 3 in Axes
  1549 | D:3      | Reached XP level 4. HP: 37/37 MP: 4/4
  1595 | D:3      | Gained mutation: Your body sometimes deteriorates upon
                  | taking damage. [potion of mutation]
  1595 | D:3      | Gained mutation: You have a pair of small horns on your
                  | head. [potion of mutation]
  1595 | D:3      | Gained mutation: You are robust. (+10% HP) [potion of
                  | mutation]
  1598 | D:3      | Reached skill level 4 in Axes
  1598 | D:3      | Gained mutation: You have razor-sharp toenails. [demonic
                  | ancestry]
  1598 | D:3      | Reached XP level 5. HP: 9/46 MP: 5/5
  2026 | D:3      | Found a shadowy altar of Dithmenos.
  2051 | D:3      | Found a hazy altar of Hepliaklqana.
  2053 | D:3      | Found a basalt altar of Yredelemnul.
  2317 | D:3      | Found a hide-covered altar of Uskayaw.
  2489 | D:4      | Lost mutation: You have a pair of small horns on your head.
                  | [demonic ancestry]
  2489 | D:4      | Gained mutation: You have a pair of small antennae on your
                  | head. [demonic ancestry]
  2489 | D:4      | Reached XP level 6. HP: 53/53 MP: 6/6
  2494 | D:4      | Found a runed gate.
  2494 | D:4      | Noticed EvilAshe's ghost (amateur DsIE)
  2495 | D:4      | Found a runed gate.
  2496 | D:4      | Found a roughly hewn altar of Beogh.
  2496 | D:4      | Found a runed gate.
  2570 | D:4      | Found a shattered altar of Ashenzari.
  3253 | D:5      | Entered Level 5 of the Dungeon
  3263 | D:5      | Reached skill level 5 in Axes
  3274 | D:5      | Reached skill level 5 in Fighting
  3447 | D:5      | Found Hastrukiw's Distillery.
  3452 | D:5      | Bought a potion of curing for 42 gold pieces
  3452 | D:5      | Bought a potion of curing for 42 gold pieces
  3452 | D:5      | Bought a potion of curing for 42 gold pieces
  3452 | D:5      | Bought 2 potions of agility for 112 gold pieces
  3493 | D:5      | Reached XP level 7. HP: 23/61 MP: 7/7
  3705 | D:5      | Noticed a wyvern
  3710 | D:5      | Killed a wyvern
  3710 | D:5      | Reached skill level 6 in Axes
  4233 | D:6      | Reached skill level 7 in Axes
  4233 | D:6      | Gained mutation: You have sharp fingernails. [demonic
                  | ancestry]
  4233 | D:6      | Reached XP level 8. HP: 51/70 MP: 8/8
  4584 | D:6      | Noticed Blork the orc
  4596 | D:6      | Killed Blork the orc
  4758 | D:6      | Found a runed door.
  4842 | D:6      | Noticed Grinder
  4849 | D:6      | Killed Grinder
  4849 | D:6      | Reached skill level 8 in Axes
  4911 | D:6      | Found an iron altar of Okawaru.
  4931 | D:7      | Found a staircase to the Ecumenical Temple.
  4952 | Temple   | Entered the Ecumenical Temple
  5039 | Temple   | Became a worshipper of Nemelex Xobeh the Trickster
  5162 | D:7      | Received a gift from Nemelex Xobeh
  5208 | D:7      | Reached XP level 9. HP: 15/78 MP: 9/9
  5212 | D:7      | Reached skill level 1 in Invocations
  5471 | D:7      | Found a transporter.
  6258 | D:8      | Reached skill level 9 in Axes
  6261 | D:8      | Noticed an orb spider
  6261 | D:8      | a yak changed into an orb spider
  6648 | D:8      | Noticed a meliai
  6648 | D:8      | an orb spider changed into an eye of draining
  6650 | D:8      | a meliai changed into a porcupine
  6654 | D:8      | Reached skill level 5 in Shields
  6658 | D:8      | Reached skill level 5 in Armour
  7147 | D:8      | Gained mutation: You have very sharp fingernails. [demonic
                  | ancestry]
  7147 | D:8      | Reached XP level 10. HP: 88/88 MP: 13/13
  7168 | D:8      | Reached * piety under Nemelex Xobeh
  7171 | D:8      | Noticed a two-headed ogre
  7172 | D:8      | Noticed a swamp dragon
  7172 | D:8      | a two-headed ogre changed into a swamp dragon
  7194 | D:8      | Killed a swamp dragon
  7716 | D:8      | Noticed a two-headed ogre
  7730 | D:8      | Killed a two-headed ogre
  7730 | D:8      | Reached skill level 5 in Invocations
  8161 | D:8      | Noticed Psyche
  8167 | D:8      | Killed Psyche
  8167 | D:8      | Reached skill level 10 in Axes
  8167 | D:8      | Reached skill level 1 in Evocations
  8831 | D:9      | Noticed Grum
  9427 | D:9      | Killed Grum
  9872 | D:9      | Received a gift from Nemelex Xobeh
  9894 | D:9      | Gained mutation: You have a pair of antennae on your head.
                  | [demonic ancestry]
  9894 | D:9      | Reached XP level 11. HP: 55/95 MP: 14/16
  9971 | D:10     | Entered Level 10 of the Dungeon
 10088 | D:10     | Reached ** piety under Nemelex Xobeh
 10204 | D:10     | Received a gift from Nemelex Xobeh
 10329 | D:10     | Found a staircase to the Orcish Mines.
 11146 | D:11     | Reached skill level 11 in Axes
 11446 | D:11     | Noticed a two-headed ogre
 11454 | D:11     | Killed a two-headed ogre
 11510 | D:11     | Noticed Erica
 11522 | D:11     | Killed from afar by a twister

Skill      XL: |  1  2  3  4  5  6  7  8  9 10 11 |
---------------+----------------------------------+-----
Axes           | 2 3 4 5 7 8 9 10 11 | 11.1
Fighting       | 4 5 6 7 8 9 |  9.1
Armour         | 4 5 |  5.0
Shields        | 4 5 6 |  6.8
Invocations    | 4 6 7 |  7.7
Evocations     | 2 3 |  3.9

Action                   |  1- 3 |  4- 6 |  7- 9 | 10-12 || total
-------------------------+-------+-------+-------+-------++-------
Melee: War axe           |    73 |    99 |   364 |   353 ||   889
       Kick              |    16 |    24 |   111 |   110 ||   261
       Headbutt          |       |    10 |       |       ||    10
       Unarmed           |       |       |    16 |       ||    16
Evoke: Deck              |       |       |    10 |     8 ||    18
       Wand              |       |       |     3 |     4 ||     7
       Lightning rod     |       |       |       |     3 ||     3
  Use: Potion            |       |     4 |     7 |     6 ||    17
       Scroll            |       |     1 |     5 |     3 ||     9
 Stab: Confused          |       |       |     1 |       ||     1
       Paralysed         |       |       |       |     3 ||     3
  Eat: Ration            |       |     2 |     2 |     2 ||     6
       Chunk             |       |     1 |     7 |     8 ||    16
Armor: Scale mail        |     4 |       |       |       ||     4
       Plate armour      |    42 |    82 |   281 |   108 ||   513
       Chain mail        |     5 |       |       |       ||     5
       Skin              |       |       |     4 |       ||     4
Dodge: Dodged            |     6 |     5 |    36 |    22 ||    69
Block: Shield            |    42 |    17 |       |       ||    59
       Large shield      |       |    75 |   399 |   455 ||   929
       Reflection        |       |       |       |     4 ||     4
